 Dungeon Crawl Stone Soup version 0.21.1-1-g345015f (webtiles) character file.

1026 Fang the Skirmisher (level 8, -6/73 HPs)
             Began as a Gargoyle Berserker on Apr 24, 2018.
             Was a Priest of Trog.
             Splashed by a jelly's acid (9 damage)
             ... on level 5 of the Dungeon.
             The game lasted 00:11:54 (4636 turns).

Fang the Skirmisher (Gargoyle Berserker)            Turns: 4636, Time: 00:11:54

Health: -6/73      AC:  7    Str: 28    XL:     8   Next: 23%
Magic:  8/8        EV: 13    Int:  8    God:    Trog [***...]
Gold:   259        SH:  0    Dex: 12    Spells: 7/7 levels left

rFire    . . .     SeeInvis .   y - +10 rapier "Tinti Bojo" {pierce, rElec Dex+3}
rCold    . . .     Gourm    .   (no shield)
rNeg     + + .     Faith    .   b - +0 animal skin
rPois    ∞         Spirit   .   (no helmet)
rElec    +         Reflect  .   (no cloak)
rCorr    .         Harm     .   (no gloves)
MR       .....                  (no boots)
Stlth    ..........             (no amulet)
HPRegen  0.22/turn              i - ring of positive energy
MPRegen  0.11/turn              (no ring)

@: berserking (expiring), very quick
A: negative energy resistance 1, electricity resistance, unbreathing,
petrification resistance, rot immunity, AC +5
a: Berserk, Trog's Hand, Burn Spellbooks, Renounce Religion


You were on level 5 of the Dungeon.
You worshipped Trog.
Trog was most pleased with you.
You were not hungry.

You visited 1 branch of the dungeon, and saw 5 of its levels.

You collected 259 gold pieces.

Inventory:

Hand Weapons
 a - a +0 hand axe
 j - a +2 mace of protection
 o - a +5 quarterstaff of chaos
 u - the +9 whip of Perversion {drain, rElec rC+ Dex+2}
   (You found it on level 5 of the Dungeon)

   A truly terrible weapon, it drains the life of those it strikes.
   It affects your dexterity (+2).
   It protects you from cold.
   It insulates you from electricity.
 y - the +10 rapier "Tinti Bojo" (weapon) {pierce, rElec Dex+3}
   (You found it on level 5 of the Dungeon)

   It inflicts extra damage upon your enemies.
   It affects your dexterity (+3).
   It insulates you from electricity.
Armour
 b - a +0 animal skin (worn)
Jewellery
 i - a ring of positive energy (left hand)
Wands
 d - a wand of flame (21)
 n - a wand of disintegration (14)
 s - a wand of paralysis (20)
Scrolls
 e - a scroll of magic mapping
 g - 2 scrolls of blinking
 t - 3 scrolls of teleportation
 x - a scroll of fear {unknown}
Potions
 f - a potion of invisibility {unknown}
 h - a potion of lignification
 k - a potion of heal wounds
 l - 4 potions of curing
 m - a potion of mutation {unknown}
 p - 3 potions of brilliance {unknown}
 q - a potion of resistance {unknown}
 r - a potion of might {unknown}
 v - a potion of haste {unknown}
 w - a potion of degeneration {unknown}
Comestibles
 c - 8 rations


   Skills:
 + Level 5.3 Fighting
 + Level 0.1 Short Blades
 + Level 3.8(4.1) Axes
 + Level 2.3(5.0) Maces & Flails
 + Level 5.2(5.5) Staves
 + Level 2.3 Armour
 + Level 3.6 Dodging
 + Level 3.0 Stealth


You had 7 spell levels left.
You didn't know any spells.

Dungeon Overview and Level Annotations

Branches:
Dungeon (5/15)             Temple (0/1) D:4

Altars:
Fedhas
Vehumet

Shops:
D:4 ?:*%


Innate Abilities, Weirdness & Mutations

You are resistant to torment.
Your stone body is resilient. (AC +5)
You are immune to poison.
You resist negative energy. (rN+)
You are resistant to electric shocks. (rElec)
You can survive without breathing.
You are immune to petrification.
You are immune to rotting.


Message History

The bullfrog zombie hits you but does no damage.
The ice beast closely misses you. The worker ant closely misses you.
The jelly barely misses you.
You puncture the ice beast!
The ice beast is severely wounded.
The bullfrog zombie hits you but does no damage.
The worker ant bites you but does no damage.
The ice beast barely misses you. The jelly misses you.
Unknown command.
You puncture the ice beast!
You kill the ice beast!
Trog accepts your kill.
Your Stealth skill increases to level 3!
The bullfrog zombie barely misses you. The worker ant completely misses you.
The bullfrog zombie hits you but does no damage.
Unknown command.
You closely miss the scorpion. The jelly hits you.
* * * LOW HITPOINT WARNING * * *
You are splashed with acid!
The acid burns!
You die...

#....###.....##.##..
#..### ##...###.##..
#.########'####.##..
#.......÷.....#.##..
#.............#.....
#.............#.##..
####'########.#.##..
##...## ###..#.....
#a@...# #....#.##..
#.ZsJ...##....#.##.#
#.......#.....#.##.#
#.......#....##.##<.
##.....##....##.##.#
##...###..####.....
#######.#####.#...
#................
#.######.###.#...


You could see a scorpion, a jelly, a worker ant and a bullfrog zombie.

Vanquished Creatures
  A water moccasin (D:5)
  An ice beast (D:5)
  2 ogres (D:5)
  A centaur (D:5)
  A water moccasin skeleton (D:5)
  A centaur zombie (D:5)
  A hound (D:4)
  Crazy Yiuf (D:2)
  An orc priest (D:5)
  3 orc wizards (D:4)
  Jessica (D:3)
  2 iguanas (D:5)
  Ijyb (D:5)
  Terence (D:2)
  3 worker ants (D:4)
  4 adders
  An adder skeleton (D:4)
  3 worms
  2 dart slugs (D:2)
  4 leopard geckos
  12 orcs
  9 bats
  7 goblins
  8 hobgoblins
  4 jackals (D:3)
  2 quokkas (D:5)
  3 frilled lizards (D:2)
  4 kobolds
  8 rats
92 creatures vanquished.

Notes
Turn   | Place    | Note
-------+----------+-------------------------------------------
     0 | D:1      | Fang the Gargoyle Berserker began the quest for the Orb.
     0 | D:1      | Reached XP level 1. HP: 14/14 MP: 1/1
   306 | D:1      | Reached XP level 2. HP: 11/19 MP: 2/2
   811 | D:1      | Reached XP level 3. HP: 23/24 MP: 3/3
   933 | D:1      | Reached ** piety under Trog
  1791 | D:2      | Noticed Terence
  1800 | D:2      | Killed Terence
  1800 | D:2      | Reached XP level 4. HP: 21/29 MP: 4/4
  2107 | D:2      | Found a runed door.
  2167 | D:2      | Noticed Crazy Yiuf
  2172 | D:2      | Killed Crazy Yiuf
  2172 | D:2      | Reached skill level 1 in Maces & Flails
  2172 | D:2      | Reached skill level 1 in Stealth
  2172 | D:2      | Reached XP level 5. HP: 33/33 MP: 5/5
  2315 | D:3      | Found a radiant altar of Vehumet.
  2449 | D:3      | Noticed Jessica
  2454 | D:3      | Killed Jessica
  2878 | D:4      | Found Jyery's Assorted Antiques.
  2906 | D:4      | Reached skill level 1 in Staves
  2906 | D:4      | Reached XP level 6. HP: 32/38 MP: 6/6
  2938 | D:4      | Found Meerun's Book Boutique.
  3218 | D:4      | Found a staircase to the Ecumenical Temple.
  3301 | D:4      | Found a blossoming altar of Fedhas.
  3307 | D:4      | Found Egroq's Food Shoppe.
  3618 | D:4      | Found Buixonk's Magic Scroll Boutique.
  3661 | D:5      | Entered Level 5 of the Dungeon
  3720 | D:5      | Reached XP level 7. HP: 23/44 MP: 7/7
  3776 | D:5      | HP: 3/66 [ogre/giant club (18)]
  3957 | D:5      | Got an ebony whip
  3990 | D:5      | Reached *** piety under Trog
  4274 | D:5      | Identified the +9 whip of Perversion {drain, rElec rC+ Dex+2} (You found it on level 5 of the Dungeon)
  4300 | D:5      | Noticed Ijyb
  4302 | D:5      | Killed Ijyb
  4302 | D:5      | Reached skill level 5 in Fighting
  4367 | D:5      | Reached skill level 5 in Staves
  4367 | D:5      | Reached XP level 8. HP: 22/49 MP: 8/8
  4609 | D:5      | Got a translucent rapier
  4610 | D:5      | Identified the +10 rapier "Tinti Bojo" {pierce, rElec Dex+3} (You found it on level 5 of the Dungeon)
  4636 | D:5      | HP: 3/73 [jelly (2)]
  4636 | D:5      | Splashed by a jelly's acid

Skill      XL: |  1  2  3  4  5  6  7  8 |
---------------+-------------------------+-----
Axes           | 3 |  3.8
Dodging        | 2 3 |  3.6
Fighting       | 4 5 |  5.3
Maces & Flails | 1 2 |  2.3
Stealth        | 1 2 3 |  3.0
Staves         | 1 3 5 |  5.2
Short Blades   | |  0.1
Armour         | |  2.3

Action                   |  1- 3 |  4- 6 |  7- 9 || total
-------------------------+-------+-------+-------++-------
Melee: Hand axe          |   111 |       |       ||   111
       Mace              |    12 |    41 |       ||    53
       Quarterstaff      |       |    72 |    31 ||   103
       Whip              |       |       |    20 ||    20
       Rapier            |       |       |     8 ||     8
Invok: Berserk           |     1 |     1 |     3 ||     5
  Use: Scroll            |       |    10 |     2 ||    12
 Stab: Sleeping          |     2 |     2 |       ||     4
  Eat: Chunk             |     4 |     7 |     3 ||    14
       Ration            |       |       |     1 ||     1
Armor: Animal skin       |    65 |    47 |    25 ||   137
Dodge: Dodged            |    93 |   100 |    49 ||   242
